 Dungeon Crawl Stone Soup version 0.18.1-48-g4cf74bf (webtiles) character file.

388 Heedrag the Chopper (level 6, 0/51 HPs)
             Began as a Minotaur Fighter on Aug 19, 2016.
             Killed by nerve-wracking pain
             ... invoked by Grinder
              (8 damage)
             ... on level 4 of the Dungeon.
             The game lasted 00:04:25 (2411 turns).

Heedrag the Chopper (Minotaur Fighter)              Turns: 2411, Time: 00:04:26

Health: 0/51       AC:  6    Str: 22    XL:     6   Next: 49%
Magic:  7/7        EV:  7    Int:  5    God:
Gold:   180        SH:  9    Dex: 10    Spells: 0 memorised, 5 levels left

rFire  . . .     SeeInvis .     a - +0 war axe
rCold  . . .     Gourm    .     b - +0 scale mail
rNeg   . . .     Faith    .     c - +0 shield
rPois  .         Spirit   .     (helmet restricted)
rElec  .         Dismiss  .     (no cloak)
rCorr  .         Reflect  .     (no gloves)
SustAt .         Harm     .     (no boots)
MR     .....                    n - amulet of rage
Stlth  ..........               (no ring)
                                (no ring)

@: drained, not resistant to hostile enchantments, extremely unstealthy
A: retaliatory headbutt, horns 2
a: Evoke Berserk Rage


You were on level 4 of the Dungeon.
You were not hungry.

You visited 1 branch of the dungeon, and saw 4 of its levels.

You collected 180 gold pieces.

Inventory:

Hand Weapons
 a - a +0 war axe (weapon)
 r - a +2 dagger of draining
Missiles
 x - 2 throwing nets (quivered)
Armour
 b - a +0 scale mail (worn)
 c - a +0 shield (worn)
Jewellery
 n - an amulet of rage (around neck)
Scrolls
 e - 8 scrolls of identify {unknown}
 g - 2 scrolls of enchant weapon {unknown}
 h - a scroll of fog {unknown}
 j - a scroll of amnesia {unknown}
 q - a scroll of fear {unknown}
 s - a scroll of noise {unknown}
 u - a scroll of immolation {unknown}
 v - 2 scrolls of remove curse {unknown}
 w - a scroll of random uselessness {unknown}
Potions
 d - 2 potions of might
 k - a potion of haste {unknown}
 l - a potion of berserk rage {unknown}
 m - a potion of resistance {unknown}
 o - a potion of invisibility {unknown}
 p - a potion of cancellation {unknown}
Comestibles
 f - a bread ration
 i - a meat ration
 t - 6 chunks of flesh


   Skills:
 - Level 3.6(3.4) Fighting
 * Level 7.3(7.2) Axes
 - Level 3.6(3.4) Armour
 - Level 3.6(3.4) Shields
 + Level 2.8(2.7) Evocations


You had 5 spell levels left.
You didn't know any spells.

Dungeon Overview and Level Annotations

Branches:
Dungeon (4/15)
 Temple: D:4-7

Altars:
Cheibriados
Dithmenos
Makhleb
Qazlal
Trog

Annotations:
D:4 Grinder


Innate Abilities, Weirdness & Mutations

You reflexively headbutt those who attack you in melee.
You have a pair of horns on your head.


Message History

Ye closely miss Grinder.
Yer headbutt misses Grinder.
Grinder be moderately wounded.
Ye block Grinder's attack.
Ye hit Grinder.
Grinder be moderately wounded.
Ye block Grinder's attack.
Ye barely miss Grinder.
Yer headbutt misses Grinder.
Grinder be moderately wounded.
Grinder hits ye but does nay damage.
Grinder hits ye.
* * * LOW HITPOINT WARNIN'
* * * Ye writha in agony. x2
Ye hit Grinder.
Ye headbutt Grinder, but do nay damage.
Grinder be heavily wounded.
Grinder hits ye.
* * * LOW HITPOINT WARNIN'
* * * Ye fail ta use yer ability.
Ye block Grinder's attack.
Ye fail ta use yer ability.
Grinder gestures at ye.
Pain shoots through yer body!
Ye die...

#.......## .#.........
........ ...........#
#......##........(...##
##........
...)......... #.......#
............# #.......#
.............
#....รท..#
............. ##.....##
.......<..... ##....@#
.............. #####5#
#............. #.#
#.#........... #.#
#.#........... #.#
#.###.##...... #.# #.#
#.##...... #.#
#.###.##.<.... #.#
#..##.........
#.####..#..##.....


You could see Grinder.

Vanquished Creatures
  Sigmund (D:3)
  An ogre (D:3)
  A giant frog skeleton (D:4)
  6 adders
  An ooze (D:3)
  A worm (D:2)
  2 dart slugs
  2 giant geckos (D:2)
  6 orcs (D:3)
  A giant cockroach (D:1)
  7 goblins
  3 hobgoblins
  2 jackals (D:2)
  6 quokkas
  11 bats
  A giant newt (D:2)
  6 kobolds
  8 rats
66 creatures vanquished.

Notes
Turn   | Place    | Note
--------------------------------------------------------------
     0 | D:1      | Heedrag the Minotaur Fighter began the quest for the Orb.
     0 | D:1      | Reached XP level 1. HP: 19/19 MP: 0/0
   184 | D:1      | Reached skill level 3 in Axes
   353 | D:1      | Reached XP level 2. HP: 26/26 MP: 1/1
   591 | D:2      | Found a stormy altar of Qazlal.
   591 | D:2      | Found a burning altar of Makhleb.
   592 | D:2      | Found a snail-covered altar of Cheibriados.
   597 | D:2      | Found a shadowy altar of Dithmenos.
   714 | D:2      | Found a bloodstained altar of Trog.
   732 | D:2      | Reached skill level 4 in Axes
   821 | D:2      | Reached XP level 3. HP: 27/31 MP: 2/2
  1423 | D:2      | Reached skill level 1 in Evocations
  1423 | D:2      | Reached XP level 4. HP: 35/39 MP: 3/3
  1441 | D:2      | Reached skill level 5 in Axes
  1572 | D:3      | Noticed Sigmund
  1593 | D:3      | Killed Sigmund
  1593 | D:3      | Reached skill level 6 in Axes
  1593 | D:3      | Reached XP level 5. HP: 6/45 MP: 3/5
  2057 | D:3      | Reached XP level 6. HP: 43/51 MP: 6/6
  2305 | D:4      | Noticed Grinder
  2330 | D:3      | Reached skill level 7 in Axes
  2397 | D:4      | Paralysed by Grinder for 7 turns
  2411 | D:4      | Killed from afar by Grinder

Skill      XL: |  1  2  3  4  5  6 |
---------------+-------------------+-----
Axes           | 3 4 6 7 |  7.3
Evocations     | 1 2 |  2.8
Fighting       | |  3.6
Armour         | |  3.6
Shields        | |  3.6

Action                   |  1- 3 |  4- 6 || total
-------------------------+-------+-------++-------
Melee: War axe           |    92 |   100 ||   192
       Headbutt          |    11 |    11 ||    22
  Eat: Chunk             |     2 |     3 ||     5
Armor: Scale mail        |    38 |    34 ||    72
Dodge: Dodged            |    38 |    25 ||    63
Block: Shield            |    55 |    38 ||    93
